 Dungeon Crawl Stone Soup version 0.17-a0-1946-gfb768fe (webtiles) character file.

64 HungrySpirit the Charmwright (level 3, -5/27 HPs)
             Began as a Vampire Skald on Oct 1, 2015.
             Slain by asdu's ghost (9 damage)
             ... on level 3 of the Dungeon.
             The game lasted 00:03:39 (2044 turns).

HungrySpirit the Charmwright (Vampire Skald)        Turns: 2044, Time: 00:03:39

Health: -5/27      AC:  4    Str: 11    XL:     3   Next: 91%
Magic:  6/6        EV:  7    Int: 14    God:
Gold:   123        SH:  0    Dex: 14    Spells: 2 memorised, 4 levels left

rFire  . . .     SeeInvis +     a - +0 short sword
rCold  . . .     Clarity  .     b - +0 leather armour
rNeg   . . .     SustAt   .     (no shield)
rPois  .         Gourm    .     (no helmet)
rElec  .         Spirit   .     j - +0 cloak
rCorr  .         Warding  .     (no gloves)
rMut   .         Stasis   .     (no boots)
MR     .....                    (no amulet)
Stlth  +.........               (no ring)
                                (no ring)

@: regenerating quickly, not resistant to hostile enchantments, very unstealthy
A: fangs 3, see invisible, unbreathing
a: no special abilities


You were on level 3 of the Dungeon.
You were very full.

You visited 1 branch of the dungeon, and saw 3 of its levels.

You collected 123 gold pieces.

Inventory:

Hand weapons
 a - a +0 short sword (weapon)
Armour
 b - a +0 leather armour (worn)
 j - a +0 cloak (worn)
Scrolls
 e - 3 scrolls of remove curse {unknown}
Potions
 d - a potion of blood
 f - a potion of degeneration {unknown}
 g - a potion of lignification {unknown}
 h - a potion of heal wounds {unknown}
 i - 2 potions of invisibility {unknown}
Books
 c - a book of Battle

   Spells                             Type                      Level
   a - Infusion                       Charms                       1
   b - Shroud of Golubria             Charms/Translocation         2
   c - Song of Slaying                Charms                       2
   d - Spectral Weapon                Hexes/Charms                 3
   e - Regeneration                   Charms/Necromancy            3


   Skills:
 - Level 1.7 Fighting
 * Level 3.4 Short Blades
 - Level 0.7 Armour
 + Level 2.2 Dodging
 + Level 2.5 Spellcasting
 + Level 3.5 Charms


You had 4 spell levels left.
You knew the following spells:

 Your Spells              Type           Power        Failure   Level  Hunger
a - Infusion              Chrm           ##....       10%         1    #......
b - Shroud of Golubria    Chrm/Tloc      #.........   24%         2    ###....


Dungeon Overview and Level Annotations

Branches:
Dungeon (3/15)

Altars:
Sif Muna

Annotations:
D:3 Grinder; asdu's ghost, average OgSk


Innate Abilities, Weirdness & Mutations

Your natural rate of healing is unusually fast.
You have razor-sharp teeth.
You have supernaturally acute eyesight.
You can survive without breathing.


Message History

You hit asdu's ghost but do no damage. Asdu's ghost misses you.
You hit asdu's ghost.
Asdu's ghost is lightly damaged.
Asdu's ghost closely misses you.
You hit asdu's ghost.
Asdu's ghost is lightly damaged.
Asdu's ghost hits you!
You closely miss asdu's ghost.
Asdu's ghost is lightly damaged.
Asdu's ghost misses you.
You hit asdu's ghost.
Asdu's ghost is moderately damaged.
Asdu's ghost hits you!
* * * LOW HITPOINT WARNING * * *
You hit asdu's ghost but do no damage.
Asdu's ghost is lightly damaged.
Asdu's ghost hits you.
* * * LOW HITPOINT WARNING * * *
Asdu's ghost hits you!
You die...

..........#.........
.[........#...........#
......)...............#
......†....<)..........
....>...^..#..#......##
............#.# #.....##
###########...###.#....#
##............##
##...@..###...###### #
####W..# #.......#..
#....(.#####.#..#...#
#....................
#.......####..#<.....
#.................###
####..............#
#........W...#....
########.............##..


You could see asdu's ghost.

Vanquished Creatures
  An adder (D:2)
  2 worms (D:2)
  2 giant geckos (D:3)
  An orc (D:3)
  4 bats
  3 giant cockroaches
  4 goblins
  4 hobgoblins
  7 jackals
  7 kobolds
  A quokka (D:2)
  2 giant newts
  7 rats
45 creatures vanquished.

Notes
Turn   | Place    | Note
--------------------------------------------------------------
     0 | D:1      | HungrySpirit the Vampire Skald began the quest for the Orb.
     0 | D:1      | Reached XP level 1. HP: 16/16 MP: 3/3
   454 | D:1      | Reached XP level 2. HP: 22/22 MP: 5/5
  1032 | D:2      | Reached XP level 3. HP: 22/27 MP: 4/6
  1101 | D:2      | Learned a level 2 spell: Shroud of Golubria
  1653 | D:3      | Found a deep blue altar of Sif Muna.
  1656 | D:3      | Noticed Grinder
  1658 | D:3      | Paralysed by Grinder for 7 turns
  1665 | D:3      | Noticed asdu's ghost (average OgSk)
  1670 | D:3      | Paralysed by Grinder for 4 turns
  2044 | D:3      | Slain by asdu's ghost

Vault maps used:
D:1:      minmay_arrival_stone_box
D:3:      nicolae_overflow_hidden_temple, uniq_grinder, uniq_natasha

Action                   || total
-------------------------++-------
Melee: Short sword       ||   197
 Cast: Infusion          ||     2
 Stab: Sleeping          ||     2
  Eat: Corpse            ||    16
